AA - U28
BOWIE BAYSOX @ LINCOLN BIGHORNS
08/07/2053
 
TOP OF THE 1ST
Akron RubberDucks batting - Pitching for Somerset Patriots : RHP Justin Williams
Pitching: RHP Justin Williams
Batting: RHB Rueben Brooks 0-0: Ball
1-0: Called Strike
1-1: Ball
2-1: Ball
3-1: Ground out 4-3 (Groundball, 4, EV 84.4 MPH)
Batting: LHB Stuart Strnad 0-0: Ball
1-0: Ball
2-0: Ball
3-0: Foul Ball, location: 2F
3-1: Called Strike
3-2: Fly out, F8 (Flyball, 8RXD, EV 108.1 MPH)
Batting: RHB Erik Nichols 0-0: Foul Ball, location: 2F
0-1: Ball
1-1: Foul Ball, location: 2F
1-2: Ball
2-2: Ball
3-2: Base on Balls
Batting: SHB Daniel Rocha 0-0: Foul Ball, location: 2F
0-1: Called Strike
0-2: Ball
1-2: Strikes out swinging
Top of the 1st over - 0 runs, 0 hits, 0 errors, 1 left on base; Akron 0 - Somerset 0
BOTTOM OF THE 1ST
Somerset Patriots batting - Pitching for Akron RubberDucks : RHP Rich Oyola
Pitching: RHP Rich Oyola
Batting: LHB Odalis Pesina 0-0: Fly out, F7 (Line Drive, 7, EV 99.4 MPH)
Batting: SHB José Maria Valles 0-0: Swinging Strike
0-1: Ball
1-1: Hit by Pitch
Batting: LHB Sid Goodspeed 0-0: Called Strike
0-1: Called Strike
0-2: Ball
1-2: Strikes out swinging
Batting: RHB Troy Tirey 0-0: Ball
1-0: Foul Ball, location: 2F
1-1: Fly out, F9 (Line Drive, 9, EV 94.4 MPH)
Bottom of the 1st over - 0 runs, 0 hits, 0 errors, 1 left on base; Akron 0 - Somerset 0
TOP OF THE 2ND
Akron RubberDucks batting - Pitching for Somerset Patriots : RHP Justin Williams
Batting: LHB Glenn Christophel 0-0: Ball
1-0: Swinging Strike
1-1: Fly out, F9 (Flyball, 9S, EV 93.1 MPH)
Batting: RHB Stephen Jaros 0-0: SINGLE (Groundball, 6M, EV 86.2 MPH) (infield hit)
Batting: RHB Jonathon Griffith 0-0: Called Strike
Stephen Jaros steals 2nd base
0-1: Ball
1-1: Swinging Strike
1-2: Foul Ball, location: 2F
1-2: Strikes out swinging
Batting: RHB T.J. Zanetti 0-0: Foul Ball, location: 2F
0-1: Ground out 5-3 (Groundball, 5S, EV 80.0 MPH)
Top of the 2nd over - 0 runs, 1 hit, 0 errors, 1 left on base; Akron 0 - Somerset 0
BOTTOM OF THE 2ND
Somerset Patriots batting - Pitching for Akron RubberDucks : RHP Rich Oyola
Batting: RHB Gabriel Anderson 0-0: Foul Ball, location: 2F
0-1: Ball
1-1: Called Strike
1-2: Fly out, F7 (Flyball, 7LS, EV 81.9 MPH)
Batting: RHB Steve Law 0-0: Ball
1-0: Called Strike
1-1: Ball
2-1: Ball
3-1: Fly out, F7 (Flyball, 7D, EV 99.4 MPH)
Batting: RHB Melchiore Fradinho 0-0: Foul Ball, location: 2F
0-1: Called Strike
0-2: Ball
1-2: Ball
2-2: Ball
3-2: Ground out 5-3 (Groundball, 56S, EV 77.5 MPH)
Bottom of the 2nd over - 0 runs, 0 hits, 0 errors, 0 left on base; Akron 0 - Somerset 0
TOP OF THE 3RD
Akron RubberDucks batting - Pitching for Somerset Patriots : RHP Justin Williams
Batting: RHB Roger Lee 0-0: Foul Ball, location: 2F
0-1: Called Strike
0-2: Ball
1-2: Foul Ball, location: 2F
1-2: Ball
2-2: Foul Ball, location: 2F
2-2: Fly out, F9 (Flyball, 89XD, EV 92.5 MPH)
Batting: RHB Rueben Brooks 0-0: Foul Ball, location: 2F
0-1: Ball
1-1: Ball
2-1: Ground out 1-3 (Groundball, 13S, EV 76.9 MPH)
Batting: LHB Stuart Strnad 0-0: Ball
1-0: Swinging Strike
1-1: Called Strike
1-2: Foul Ball, location: 2F
1-2: Ball
2-2: Ball
3-2: Fly out, F6 (Popup, 56D, EV 57.5 MPH)
Top of the 3rd over - 0 runs, 0 hits, 0 errors, 0 left on base; Akron 0 - Somerset 0
BOTTOM OF THE 3RD
Somerset Patriots batting - Pitching for Akron RubberDucks : RHP Rich Oyola
Batting: RHB Jason Goodyear 0-0: Ball
1-0: Ball
2-0: SINGLE (Groundball, 34D, EV 93.8 MPH)
Batting: LHB Henry Murray 0-0: Ball
1-0: Called Strike
1-1: Ball
2-1: Called Strike
2-2: Ball
3-2: Foul Ball, location: 2F
3-2: SINGLE (Groundball, 4D, EV 94.4 MPH)
Jason Goodyear to second
Runner from 2nd tries for 3rd, SAFE, throw by CF made to third
Batting: LHB Odalis Pesina 0-0: Fielders Choice at 2nd, 6-4 (Groundball, 6, EV 88.1 MPH)
Jason Goodyear scores
Batting: SHB José Maria Valles 0-0: Ball
1-0: Ball
2-0: Called Strike
2-1: Fly out, F9 (Flyball, 9LS, EV 91.2 MPH)
Batting: LHB Sid Goodspeed 0-0: Ball
1-0: Ball
2-0: Called Strike
2-1: Ball
3-1: Swinging Strike
3-2: DOUBLE (Line Drive, 9LM, EV 104.4 MPH)
Odalis Pesina to third
Odalis Pesina scores
Pinch Runner at 2nd Alfons Arzuaga:
Batting: RHB Troy Tirey 0-0: Called Strike
0-1: Foul Ball, location: 2F
0-2: Fly out, F8 (Flyball, 8RD, EV 96.2 MPH)
Bottom of the 3rd over - 2 runs, 3 hits, 0 errors, 1 left on base; Akron 0 - Somerset 2
TOP OF THE 4TH
Akron RubberDucks batting - Pitching for Somerset Patriots : RHP Justin Williams
Batting: RHB Erik Nichols 0-0: Ball
1-0: Fly out, F6 (Flyball, 56D, EV 79.4 MPH)
Batting: SHB Daniel Rocha 0-0: DOUBLE (Flyball, 8LXD, EV 102.5 MPH)
Batting: LHB Glenn Christophel 0-0: Swinging Strike
0-1: Foul Ball, location: 2F
0-2: Ball
1-2: Fly out, F4 (Flyball, 4MD, EV 87.5 MPH)
Batting: RHB Stephen Jaros 0-0: Ball
1-0: Ground out 6-3 (Groundball, 6, EV 85.0 MPH)
Top of the 4th over - 0 runs, 1 hit, 0 errors, 1 left on base; Akron 0 - Somerset 2
BOTTOM OF THE 4TH
Somerset Patriots batting - Pitching for Akron RubberDucks : RHP Rich Oyola
Batting: RHB Gabriel Anderson 0-0: Ball
1-0: Ground out 5-3 (Groundball, 5, EV 86.9 MPH)
Batting: RHB Steve Law 0-0: Hit by Pitch
Batting: RHB Melchiore Fradinho 0-0: SINGLE (Groundball, 56D, EV 96.2 MPH)
Steve Law to second
Batting: RHB Jason Goodyear 0-0: Ball
1-0: Fly out, F8 (Flyball, 8LS, EV 95.6 MPH)
Batting: LHB Henry Murray 0-0: Called Strike
0-1: Ball
1-1: Ground out U3 (Groundball, 3S, EV 66.2 MPH)
Bottom of the 4th over - 0 runs, 1 hit, 0 errors, 2 left on base; Akron 0 - Somerset 2
TOP OF THE 5TH
Akron RubberDucks batting - Pitching for Somerset Patriots : RHP Justin Williams
Batting: RHB Jonathon Griffith 0-0: Swinging Strike
0-1: Foul Ball, location: 2F
0-2: Foul Ball, location: 2F
0-2: Foul Ball, location: 2F
0-2: Foul Ball, location: 2F
0-2: Ball
1-2: Foul Ball, location: 2F
1-2: Fly out, F9 (Flyball, 9D, EV 98.1 MPH)
Batting: RHB T.J. Zanetti 0-0: Ball
1-0: Ball
2-0: Foul Ball, location: 2F
2-1: Swinging Strike
2-2: Ball
3-2: Fly out, F6 (Line Drive, 6, EV 61.2 MPH)
Batting: RHB Roger Lee 0-0: Ball
1-0: Ball
2-0: Called Strike
2-1: Ground out 5-3 (Groundball, 56S, EV 67.5 MPH)
Top of the 5th over - 0 runs, 0 hits, 0 errors, 0 left on base; Akron 0 - Somerset 2
BOTTOM OF THE 5TH
Somerset Patriots batting - Pitching for Akron RubberDucks : RHP Rich Oyola
Batting: LHB Odalis Pesina 0-0: Ball
1-0: Ball
2-0: Called Strike
2-1: Ball
3-1: Base on Balls
Batting: SHB José Maria Valles 0-0: Bunted foul
0-1: Ball
1-1: Ball
2-1: Sac Bunt to P - play at first, batter OUT! 1-4
Odalis Pesina to second
Batting: RHB Alfons Arzuaga 0-0: Called Strike
0-1: Ball
1-1: Ground out 5-3 (Groundball, 56S, EV 91.2 MPH)
Batting: RHB Troy Tirey 0-0: Ball
1-0: Called Strike
1-1: Ball
2-1: Called Strike
2-2: Strikes out swinging
Bottom of the 5th over - 0 runs, 0 hits, 0 errors, 1 left on base; Akron 0 - Somerset 2
TOP OF THE 6TH
Akron RubberDucks batting - Pitching for Somerset Patriots : RHP Justin Williams
Batting: RHB Rueben Brooks 0-0: Ball
1-0: Called Strike
1-1: Swinging Strike
1-2: Fly out, F8 (Line Drive, 8RM, EV 94.4 MPH)
Batting: LHB Stuart Strnad 0-0: Swinging Strike
0-1: Foul Ball, location: 2F
0-2: Ball
1-2: Ball
2-2: Ball
3-2: Ground out 1-3 (Groundball, 15S, EV 64.4 MPH)
Batting: RHB Erik Nichols 0-0: Swinging Strike
0-1: Ball
1-1: Ball
2-1: Foul Ball, location: 2F
2-2: Ball
3-2: Base on Balls
Batting: SHB Daniel Rocha 0-0: Ball
1-0: DOUBLE (Line Drive, 9LS, EV 96.2 MPH)
Erik Nichols to third
Batting: LHB Glenn Christophel 0-0: Ball
1-0: Ball
2-0: Ball
3-0: Base on Balls
Pitching: RHP Wesley Stubbs
Batting: RHB Stephen Jaros 0-0: Foul Ball, location: 2F
0-1: Called Strike
0-2: Ball
1-2: Fly out, F8 (Flyball, 8LD, EV 97.5 MPH)
Top of the 6th over - 0 runs, 1 hit, 0 errors, 3 left on base; Akron 0 - Somerset 2
BOTTOM OF THE 6TH
Somerset Patriots batting - Pitching for Akron RubberDucks : RHP Rich Oyola
Batting: RHB Gabriel Anderson 0-0: Ball
1-0: Called Strike
1-1: Called Strike
1-2: Ball
2-2: Ground out 5-3 (Groundball, 5, EV 87.5 MPH)
Batting: RHB Steve Law 0-0: Ball
1-0: Ball
2-0: Ball
3-0: Base on Balls
Batting: RHB Melchiore Fradinho 0-0: Ball
1-0: Swinging Strike
1-1: Ball
2-1: Grounds into double play, 4-6-3 (Groundball, 4, EV 76.9 MPH)
Bottom of the 6th over - 0 runs, 0 hits, 0 errors, 0 left on base; Akron 0 - Somerset 2
TOP OF THE 7TH
Akron RubberDucks batting - Pitching for Somerset Patriots : RHP Wesley Stubbs
Batting: RHB Jonathon Griffith 0-0: Ball
1-0: Ball
2-0: Foul Ball, location: 2F
2-1: Foul Ball, location: 2F
2-2: Reached on error, E5 (Groundball, 56S, EV 80.6 MPH)
Batting: RHB T.J. Zanetti 0-0: Called Strike
0-1: Foul Ball, location: 2F
0-2: SINGLE (Line Drive, 4MD, EV 95.6 MPH)
Jonathon Griffith to second
Batting: RHB Roger Lee 0-0: Bunted foul
0-1: Ball
1-1: Bunted foul
1-2: Foul Ball, location: 2F
1-2: Foul Ball, location: 2F
1-2: Foul Ball, location: 2F
1-2: Fielders Choice at 2nd, 6-4 (Groundball, 6, EV 104.4 MPH)
Jonathon Griffith to third
Pinch Hitting: LHB Rick Suhre 0-0: Ball
1-0: Fielders Choice at 2nd, 6-4 (Groundball, 6, EV 90.6 MPH)
Jonathon Griffith scores
Batting: LHB Stuart Strnad 0-0: Swinging Strike
0-1: Called Strike
0-2: Ground out 4-3 (Groundball, 34, EV 86.9 MPH)
Top of the 7th over - 1 run, 1 hit, 1 error, 1 left on base; Akron 1 - Somerset 2
BOTTOM OF THE 7TH
Somerset Patriots batting - Pitching for Akron RubberDucks : RHP Rich Oyola
Now at 3B: Jim Simpson
Batting: RHB Jason Goodyear 0-0: Ball
1-0: SINGLE (Groundball, 56, EV 98.1 MPH) (infield hit)
Pitching: RHP Jason Butt
Batting: LHB Henry Murray 0-0: Bunted foul
0-1: Sac Bunt to 23 - play at first, batter OUT! 3-4
Jason Goodyear to second
Batting: LHB Odalis Pesina 0-0: Ball
1-0: Called Strike
1-1: Swinging Strike
1-2: Strikes out swinging
Batting: SHB José Maria Valles 0-0: Ball
1-0: Ball
2-0: Called Strike
2-1: Ball
3-1: Called Strike
3-2: Base on Balls
Batting: RHB Alfons Arzuaga 0-0: Reached on error, E5 (Groundball, 5S, EV 92.5 MPH)
Jason Goodyear to third
José Maria Valles to second
Batting: RHB Troy Tirey 0-0: Called Strike
0-1: Foul Ball, location: 2F
0-2: Fly out, F9 (Flyball, 9LM, EV 87.5 MPH)
Bottom of the 7th over - 0 runs, 1 hit, 1 error, 3 left on base; Akron 1 - Somerset 2
TOP OF THE 8TH
Akron RubberDucks batting - Pitching for Somerset Patriots : RHP Wesley Stubbs
Batting: RHB Erik Nichols 0-0: Called Strike
0-1: Swinging Strike
0-2: Ball
1-2: Strikes out swinging, 2-3 out at first.
Batting: SHB Daniel Rocha 0-0: Ball
1-0: Ball
2-0: Ball
3-0: Base on Balls
Pitching: LHP Jason Harris
Pinch Hitting: RHB Shawn Moffitt 0-0: Called Strike
0-1: Grounds into double play, 6-4-3 (Groundball, 56S, EV 89.4 MPH)
Top of the 8th over - 0 runs, 0 hits, 0 errors, 0 left on base; Akron 1 - Somerset 2
BOTTOM OF THE 8TH
Somerset Patriots batting - Pitching for Akron RubberDucks : RHP Jason Butt
Now in LF: Bobbie Armenta
Batting: RHB Gabriel Anderson 0-0: Ball
1-0: Called Strike
1-1: Foul Ball, location: 2F
1-2: Foul Ball, location: 2F
1-2: Ball
2-2: Ball
3-2: Base on Balls
Batting: RHB Steve Law 0-0: Ball
1-0: Ball
2-0: SINGLE (Groundball, 34D, EV 102.5 MPH)
Gabriel Anderson to second
Runner from 2nd tries for 3rd, SAFE, throw by RF made to third
Batting: RHB Melchiore Fradinho 0-0: SINGLE (Groundball, 5L, EV 95.0 MPH)
Gabriel Anderson scores
Steve Law to second
Batting: RHB Jason Goodyear 0-0: Ball
1-0: Bunt missed!
1-1: Bunted foul
1-2: Foul Ball, location: 2F
1-2: Foul Ball, location: 2F
1-2: Ball
2-2: Ball
3-2: SINGLE (Groundball, 6D, EV 103.8 MPH)
Steve Law to third
Melchiore Fradinho to second
Runner from 3rd tries for Home, SAFE, throw by CF to home
Batting: LHB Henry Murray 0-0: Sac Bunt to 2R - play at third, runner OUT! 2-5
Jason Goodyear to second
Batting: LHB Odalis Pesina 0-0: Called Strike
0-1: Ball
1-1: SINGLE (Line Drive, 89S, EV 98.8 MPH)
Jason Goodyear to third
Henry Murray to second
Runner from 3rd tries for Home, SAFE, throw by CF to home
Pitching: RHP Brian Poplawski
Batting: SHB José Maria Valles 0-0: SINGLE (Line Drive, 5D, EV 98.8 MPH)
Henry Murray to third
Odalis Pesina to second
Batting: RHB Alfons Arzuaga 0-0: Called Strike
0-1: Ball
1-1: Ball
2-1: Foul Ball, location: 2F
2-2: Strikes out looking
Batting: RHB Troy Tirey 0-0: Foul Ball, location: 2F
0-1: Called Strike
0-2: Fly out, F8 (Flyball, 8LXD, EV 90.0 MPH)
Bottom of the 8th over - 3 runs, 5 hits, 0 errors, 3 left on base; Akron 1 - Somerset 5
TOP OF THE 9TH
Akron RubberDucks batting - Pitching for Somerset Patriots : LHP Jason Harris
Batting: RHB Stephen Jaros 0-0: Ball
1-0: Ball
2-0: Ball
3-0: Fly out, F8 (Line Drive, 8RM, EV 91.9 MPH)
Batting: RHB Jonathon Griffith 0-0: Ball
1-0: Ball
2-0: Ball
3-0: Called Strike
3-1: Base on Balls
Batting: RHB T.J. Zanetti 0-0: Ball
1-0: Ball
2-0: Called Strike
2-1: Grounds into double play, 6-4-3 (Groundball, 6S, EV 85.6 MPH)
Top of the 9th over - 0 runs, 0 hits, 0 errors, 0 left on base; Akron 1 - Somerset 5
Wednesday, June 5th , 2024 - OOTP Baseball 25.5 Build 67